 Dungeon Crawl Stone Soup version 0.30.1-11-g7821555f0a (webtiles) character file.

Game seed: 18317192385576799045

33 H0rd4k the Charlatan (level 3, 0/27 HPs)
             Began as a Human Artificer on Dec 21, 2023.
             Frozen to death by an endoplasm (5 damage)
             ... on level 2 of the Dungeon.
             The game lasted 00:01:14 (1037 turns).

H0rd4k the Charlatan (Human Artificer)              Turns: 1037, Time: 00:01:15

Health: 0/27       AC:  3    Str: 12    XL:     3   Next: 47%
Magic:  3/3        EV: 12    Int: 13    God:
Gold:   40         SH:  0    Dex: 13    Spells: 2/2 levels left

rFire   . . .        a - +0 club
rCold   . . .        (no shield)
rNeg    . . .        b - +0 leather armour
rPois   .            (no helmet)
rElec   .            (no cloak)
rCorr   .            (no gloves)
SInv    .            (no boots)
Will    .....        (no amulet)
Stlth   +            (no ring)
HPRegen 0.24/turn    (no ring)
MPRegen 0.08/turn

%: no passive effects
@: no status effects
A: no striking features
a: no special abilities


You were on level 2 of the Dungeon.
You visited 1 branch of the dungeon, and saw 2 of its levels.

You collected 40 gold pieces.

Inventory:

Hand Weapons
 a - a +0 club (weapon)
Armour
 b - a +0 leather armour (worn)
Wands
 c - a wand of flame (8) (quivered)
 d - a wand of charming (15)
 e - a wand of iceblast (5)
Scrolls
 f - a scroll of summoning {unknown}
 h - a scroll of fog {unknown}
 i - 2 scrolls of identify {unknown}
Potions
 g - a potion of might {unknown}


   Skills:
 + Level 2.2 Fighting
 - Level 2.0 Armour
 + Level 2.2 Dodging
 - Level 1.0 Stealth
 - Level 3.0 Evocations


You had 2 spell levels left.
You didn't know any spells.
Your spell library was empty.

Dungeon Overview and Level Annotations

Branches:
Dungeon (2/15)

Altars:


Message History

The bat barely misses you.
The endoplasm hits you but does no damage.
The endoplasm freezes you.
You are frozen.
There are monsters nearby!
You are too injured to fight recklessly!
You are too injured to fight recklessly!
There are monsters nearby!
You are too injured to fight recklessly!
There are monsters nearby!
You are too injured to fight recklessly!
There are monsters nearby!
You are too injured to fight recklessly!
You are too injured to fight recklessly!
You closely miss the bat. The bat hits you but does no damage.
The endoplasm barely misses you. The bat misses you.
The endoplasm hits you but does no damage.
The bat barely misses you.
You hit the endoplasm but do no damage.
The endoplasm is moderately wounded.
The bat misses you. The endoplasm completely misses you.
You hit the endoplasm but do no damage.
The endoplasm is moderately wounded.
The bat closely misses you. The endoplasm freezes you.
You are frozen.
The endoplasm freezes you.
You are frozen.
* * * LOW HITPOINT WARNING * * *
The bat hits you.
* * * LOW HITPOINT WARNING * * *
Aiming: Throw Flame
Press: ? - help, Q - select action, (/) - cycle Shift-Dir - straight line, f - bat
Aim: a bat (57% to hit)
The puff of flame hits the bat.
You kill the bat!
The endoplasm freezes you.
You are frozen.
You die...

...#.......#
..#.......#
##.........# #
#..........#
.............#
######....#.[.....##
...#...#.#†........
##....##.#.@.....##
##......#.#.J.......
....................
##......#.........
#......#?.)......
##.###.########## .#
#.# #.#
....###.###.#
#.........####


You could see an endoplasm.

Vanquished Creatures
  A worm (D:2)
  A ball python (D:1)
  2 bats (D:2)
  3 endoplasms
  2 giant cockroaches (D:1)
  3 hobgoblins (D:1)
  3 jackals (D:1)
  2 quokkas (D:1)
  5 frilled lizards
  A goblin (D:1)
  3 kobolds (D:1)
  4 rats (D:1)
30 creatures vanquished.

Notes
Turn   | Place    | Note
-------+----------+-------------------------------------------
     0 | D:1      | H0rd4k the Human Artificer began the quest for the Orb.
     0 | D:1      | Reached XP level 1. HP: 15/15 MP: 1/1
   170 | D:1      | Reached XP level 2. HP: 12/21 MP: 2/2
   343 | D:1      | HP: 1/22 [frilled lizard (2)]
   611 | D:1      | Reached XP level 3. HP: 27/27 MP: 3/3
  1037 | D:2      | Frozen to death by an endoplasm

Illustrated notes

Levels and vault maps discovered:
D:1:      scummos_arrival_simple_fountains, layout_basic, kennysheep_minor_cross
D:2:      minmay_chambers_of_ones, layout_rooms

Skill      XL: |  1  2 |
---------------+-------+-----
Fighting       | 2 |  2.2
Dodging        | 2 |  2.2
Armour         | |  2.0
Stealth        | |  1.0
Evocations     | |  3.0

Action                     || total
---------------------------++-------
  Melee: Club              ||   175
  Evoke: Wand              ||     7
   Stab: Sleeping          ||     2
 Armour: Leather armour    ||    60
  Dodge: Dodged            ||   160
